 Dungeon Crawl Stone Soup version 0.26-a0-651-gb41185065b (webtiles) character file.

Game seed: 16366637742518293972

5927 Flugslaktarn the Cleaver (level 10, 0/98 HPs)
             Began as a Deep Dwarf Fighter on Oct 6, 2020.
             Was a Believer of Makhleb.
             Shot with a bolt by an orc warrior (12 damage)
             ... in a bailey.
             The game lasted 00:04:21 (6268 turns).

Flugslaktarn the Cleaver (Deep Dwarf Fighter)       Turns: 6268, Time: 00:04:22

Health: 0/98       AC: 13    Str: 21    XL:     10   Next: 54%
Magic:  7/7        EV: 10    Int: 13    God:    Makhleb [**....]
Gold:   228        SH:  0    Dex: 16    Spells: 9/9 levels left

rFire    . . .     SeeInvis +   l - +4 battleaxe (flame)
rCold    . . .     Faith    +   (shield currently unavailable)
rNeg     . . .     Spirit   .   k - +0 chain mail
rPois    .         Reflect  .   e - +1 helmet
rElec    .         Harm     .   (no cloak)
rCorr    .         Rampage  .   (no gloves)
MR       +....                  (no boots)
Stlth    ..........             o - amulet of faith
HPRegen  0.00/turn              i - ring of see invisible
MPRegen  0.10/turn              y - ring of Dim Light {Int+3 Dex+3 Stlth-}

@: non-regenerating
A: damage resistance, heal wounds, sense surroundings 2, no regeneration
a: Heal Wounds, Minor Destruction, Renounce Religion


You were in a bailey.
You worshipped Makhleb.
Makhleb was pleased with you.
You visited 2 branches of the dungeon, and saw 11 of its levels.
You also visited: Bailey.

You collected 558 gold pieces.
You spent 330 gold pieces at shops.

Inventory:

Hand Weapons
 a - a +1 war axe
 l - a +4 battleaxe of flaming (weapon)
   (You took it off a wight on level 7 of the Dungeon)
Armour
 c - a +0 kite shield
 e - a +1 helmet (worn)
   (You found it on level 3 of the Dungeon)
 k - a +0 chain mail (worn)
   (You found it on level 3 of the Dungeon)
Jewellery
 i - a ring of see invisible (left hand)
   (You found it on level 1 of the Dungeon)
 j - an uncursed amulet of the acrobat {unknown}
   (You found it on level 9 of the Dungeon)
 o - an amulet of faith (around neck)
   (You found it on level 2 of the Dungeon)
 y - the ring of Dim Light (right hand) {Int+3 Dex+3 Stlth-}
   (You bought it in a shop on level 6 of the Dungeon)

   [ring of attention]

   It affects your intelligence (+3).
   It affects your dexterity (+3).
   It makes you less stealthy.
Wands
 m - a wand of digging (5)
   (You found it on level 10 of the Dungeon)
Scrolls
 b - a scroll of fear
 p - a scroll of enchant weapon
 r - 4 scrolls of identify
 s - a scroll of immolation
 t - 3 scrolls of teleportation
 u - a scroll of fog
 x - 4 scrolls of remove curse
Potions
 d - a potion of might
 f - 5 potions of curing
 g - a potion of berserk rage
 h - 3 potions of mutation
 n - a potion of flight
 w - a potion of heal wounds
Miscellaneous
 F - a condenser vane (2/2)
   (You found it on level 9 of the Dungeon)


   Skills:
 * Level 8.7 Fighting
 * Level 9.9 Axes
 + Level 7.5 Armour
 + Level 4.2 Dodging
 - Level 6.1 Shields
 + Level 4.5 Invocations
 + Level 2.6 Evocations


You had 9 spell levels left.
You didn't know any spells.
Your spell library was empty.

Dungeon Overview and Level Annotations

Branches:
Dungeon (10/15)            Temple (1/1) D:4            Lair (0/6) D:10
 Bailey (1/1)
    Orc: D:9-12

Altars:
Ashenzari
Cheibriados
Dithmenos
Elyvilon
Fedhas
Gozag
Hepliaklqana
Kikubaaqudgha
Makhleb
Nemelex Xobeh
Okawaru
Qazlal
Ru
Sif Muna
Trog
Uskayaw
Vehumet
Wu Jian
Xom
Yredelemnul
Zin
The Shining One

Shops:
D:6 *   D:9 ?

Annotations:
D:4 exclusion: 2 doors


Innate Abilities, Weirdness & Mutations

You are resistant to damage.
You can heal yourself by infusing magical energy.
You passively map the area around you.
You do not regenerate.


Message History

Moving in this stuff is going to be slow.
An orc warrior comes into view. It is wielding a +0 arbalest.
The orc warrior shouts!
Found a gate leading back out of this place.
The orc warrior shoots a bolt.
The bolt closely misses you.
You hear a splash.
You hear a shout!
The orc warrior shoots a bolt.
The bolt barely misses you.
You hear a splash.
An orc warrior comes into view. It is wielding a +0 arbalest.
The orc warrior shoots a bolt.
The bolt hits you!
You hear a splash.
You hear a shout!
You see here a bolt.
The orc warrior shoots a bolt.
The bolt closely misses you.
An orc warrior comes into view. It is wielding a +0 arbalest.
The orc warrior shoots a bolt.
The bolt hits you but does no damage.
The orc warrior shoots a bolt.
The bolt hits you!!
* * * LOW HITPOINT WARNING * * *
You see here a bolt.
The orc warrior shoots a bolt.
The bolt hits you!
You die...

≈#.#≈≈≈≈≈≈#######≈≈≈≈≈o#.*
,
##.∩#≈≈≈≈≈≈≈≈≈≈≈≈≈≈≈≈≈#o.
≈ ,
..§..≈≈≈≈≈≈≈≈≈≈≈≈≈≈≈≈≈oo^
##o##≈≈≈≈≈≈≈≈≈≈(≈≈≈≈≈≈## *
≈#o#≈≈≈≈≈≈≈≈≈≈≈≈(≈≈≈≈≈≈#
≈≈ , ,
≈≈≈≈≈≈≈≈≈≈≈≈≈≈≈(≈≈≈≈≈≈≈≈≈
≈ ,
...............(.........
, ,
................(........
,
.(.(.((((.......@........
,
.........................
,
.........................
,
..(......................,
,,
######################## *
**


You could see 3 orc warriors.

Vanquished Creatures
  An unseen horror (D:10)
  Joseph (D:8)
  2 hippogriffs
  A vampire (D:9)
  A wyvern (D:9)
  3 wargs (D:10)
  An acid dragon (D:8)
  2 water moccasins
  3 ice beasts
  A black bear (D:10)
  A phantom (D:6)
  A necrophage (D:8)
  4 ogres
  2 centaurs (D:5)
  A crocodile (D:10)
  Blork the orc (D:6)
  A big kobold (D:8)
  8 bullfrogs
  An elf skeleton (D:9)
  A scorpion (D:7)
  11 killer bees
  5 wights
  A howler monkey (D:10)
  A bullfrog zombie (D:9)
  An orc priest (D:10)
  3 hounds
  6 orc wizards
  A quasit (D:9)
  4 human zombies (D:9)
  2 jellies (D:8)
  5 iguanas
  3 human skeletons (D:9)
  6 worker ants
  A killer bee zombie (D:8)
  A hound skeleton (D:4)
  3 mummies (D:9)
  Robin (D:4)
  2 worker ant zombies
  9 adders
  3 white imps
  3 ufetubi
  3 oozes
  An adder zombie (D:5)
  An adder skeleton (D:4)
  A worm (D:5)
  A dart slug (D:4)
  3 leopard geckos
  17 orcs
  5 giant cockroaches
  14 goblins
  9 hobgoblins
  3 jackals (D:9)
  6 quokkas
  8 bats
  4 frilled lizards
  12 kobolds
  A leopard gecko skeleton (D:4)
  2 quokka skeletons
  4 rats
204 creatures vanquished.

Vanquished Creatures (others)
  12 plants
12 creatures vanquished.

Grand Total: 216 creatures vanquished

Notes
Turn   | Place    | Note
-------+----------+-------------------------------------------
     0 | D:1      | Flugslaktarn the Deep Dwarf Fighter began the quest for the
                  | Orb.
     0 | D:1      | Reached XP level 1. HP: 20/20 MP: 1/1
    83 | D:1      | Reached XP level 2. HP: 27/27 MP: 2/2
   236 | D:2      | Reached XP level 3. HP: 21/34 MP: 3/3
   265 | D:2      | Reached skill level 3 in Axes
   375 | D:3      | Reached XP level 4. HP: 18/42 MP: 4/4
   520 | D:4      | Noticed Robin
   539 | D:4      | Killed Robin
   699 | D:4      | Reached XP level 5. HP: 38/50 MP: 5/5
   766 | D:4      | Reached skill level 4 in Axes
   779 | D:4      | Found a staircase to the Ecumenical Temple.
   865 | Temple   | Entered the Ecumenical Temple
   955 | D:4      | Found a broken altar of Ashenzari.
  1077 | D:5      | Entered Level 5 of the Dungeon
  1092 | D:5      | Reached XP level 6. HP: 49/57 MP: 6/6
  1227 | D:5      | Noticed an ice beast
  1242 | D:5      | Killed an ice beast
  1248 | D:5      | Reached skill level 5 in Axes
  1269 | D:5      | Reached XP level 7. HP: 55/66 MP: 7/7
  1308 | D:5      | Reached skill level 5 in Fighting
  1436 | D:5      | Reached skill level 5 in Armour
  1436 | D:5      | Reached skill level 5 in Shields
  1983 | D:6      | Reached skill level 6 in Axes
  2009 | D:6      | Found Dixzyid's Assorted Antiques.
  2020 | D:6      | Reached XP level 8. HP: 43/75 MP: 7/7
  2173 | D:6      | Bought a translucent bone ring for 110 gold pieces
  2173 | D:6      | Identified the ring of Dim Light {Int+3 Dex+3 Stlth-} (You
                  | bought it in a shop on level 6 of the Dungeon)
  2293 | D:6      | Noticed Blork the orc
  2302 | D:6      | Killed Blork the orc
  2623 | D:7      | Reached skill level 7 in Axes
  2696 | D:7      | Noticed a hippogriff
  2711 | D:7      | Killed a hippogriff
  2901 | D:7      | Gained mutation: You passively map the area around you.
                  | [Deep Dwarf growth]
  2901 | D:7      | Reached XP level 9. HP: 61/85 MP: 8/8
  3397 | D:7      | Reached skill level 1 in Dodging
  3402 | D:7      | Reached skill level 8 in Axes
  3501 | D:3      | Found a sacrificial altar of Ru.
  4071 | D:2      | Found a burning altar of Makhleb.
  4078 | D:2      | Became a worshipper of Makhleb the Destroyer
  4324 | D:8      | Reached skill level 1 in Invocations
  4431 | D:8      | Noticed Joseph
  4446 | D:8      | Killed Joseph
  4584 | D:8      | Reached skill level 9 in Axes
  4963 | D:9      | Reached * piety under Makhleb
  5073 | D:9      | Found a radiant altar of Vehumet.
  5073 | D:9      | Found a glowing silver altar of Zin.
  5074 | D:9      | Found an opulent altar of Gozag.
  5112 | D:9      | Noticed a cyan ugly thing
  5112 | D:9      | Noticed a four-headed hydra
  5220 | D:9      | Found Vaixid's Magic Scroll Shop.
  5228 | D:9      | Bought a scroll of brand weapon for 220 gold pieces
  5272 | D:9      | Reached XP level 10. HP: 57/96 MP: 8/8
  5297 | D:9      | Found a blossoming altar of Fedhas.
  5354 | D:9      | Found a snail-covered altar of Cheibriados.
  5616 | D:9      | Found a basalt altar of Yredelemnul.
  5620 | D:9      | Reached skill level 1 in Evocations
  5722 | D:10     | Entered Level 10 of the Dungeon
  5783 | D:10     | Reached ** piety under Makhleb
  5790 | D:10     | Found a staircase to the Lair.
  5801 | D:10     | Noticed an unseen horror
  5808 | D:10     | Killed an unseen horror
  6196 | D:10     | Found a flagged portal.
  6207 | Bailey   | Entered a bailey
  6268 | Bailey   | Shot with a bolt by an orc warrior

Illustrated notes

Levels and vault maps discovered:
D:1:      dpeg_arrival_rooms_b, layout_rooms, minmay_pentomino_t4
D:2:      layout_loops_cross, bloody_makhleb
D:3:      layout_loops_ring, old_standard_altar
D:4:      minmay_goblin_kobold_castle, layout_cave_pools, kennysheep_mini_moat,
          minmay_temple_entry_glass, uniq_robin
D:5:      kennysheep_spiral_hall, layout_cave_pods, enter_ossuary_1
D:6:      layout_basic, serial_shops, nicolae_shop_window_shopping,
          minivault_25, uniq_blork_the_orc
D:7:      layout_loops_ring, minmay_misc_feat_iff, kennysheep_doodads
D:8:      layout_basic, uniq_joseph
D:9:      layout_stronghold, fedhas_altar_decomposition,
          gammafunk_temple_overflow_claw, lemuel_mausoleum_altar_yredelemnul,
          basic_altar, serial_shops, nicolae_shop_waterfront,
          lightli_corner_chamber
D:10:     layout_small_grid, erik_lair_orcish_takeover, enter_bailey_8,
          kennysheep_generic_room_11
Temple:   eino_temple_lava
Bailey:   bailey_polearm_2, bailey

Skill      XL: |  1  2  3  4  5  6  7  8  9 10 |
---------------+-------------------------------+-----
Fighting       | 3 4 5 6 8 |  8.7
Axes           | 3 4 5 6 7 9 |  9.9
Armour         | 4 5 6 7 |  7.5
Shields        | 4 5 6 |  6.1
Dodging        | 3 4 |  4.2
Invocations    | 3 4 |  4.5
Evocations     | 2 |  2.6

Action                   |  1- 3 |  4- 6 |  7- 9 | 10-12 || total
-------------------------+-------+-------+-------+-------++-------
Melee: War axe           |   119 |   157 |   173 |       ||   449
       Battleaxe         |       |       |   190 |   101 ||   291
 Abil: Heal Wounds       |     1 |     4 |    19 |     5 ||    29
  Use: Scroll            |       |     1 |    16 |       ||    17
       Potion            |       |       |     2 |       ||     2
Armor: Scale mail        |    70 |    20 |       |       ||    90
       Chain mail        |       |    98 |   233 |    55 ||   386
Dodge: Dodged            |    44 |    56 |   161 |    69 ||   330
Block: Kite shield       |    92 |   131 |   113 |       ||   336

Table legend: (Time is in decaauts)
 A = Elapsed time spent in this place.
 B = Non-inter-level travel time spent in this place.
 C = Inter-level travel time spent in this place.
 D = Time resting spent in this place.
 E = Time spent auto-exploring this place.
 F = Levels seen in this place.
 G = Mean time per level.
                   A        B        C        D        E       F      G
               +--------+--------+--------+--------+--------+-----+--------+
         Total |   6503 |   6010 |    493 |      0 |   4404 |  12 |  541.9 |
       Dungeon |   6375 |   5891 |    484 |      0 |   4350 |  10 |  637.5 |
        Temple |     63 |     55 |      8 |      0 |     54 |   1 |   63.0 |
        Bailey |     64 |     64 |      0 |      0 |      0 |   1 |   64.0 |
               +--------+--------+--------+--------+--------+-----+--------+

Top non-repeatable levels by time:
     D:5: 926 daAuts
     D:7: 866 daAuts
     D:9: 785 daAuts
     D:8: 761 daAuts
     D:6: 722 daAuts
     D:3: 667 daAuts
     D:4: 567 daAuts
    D:10: 494 daAuts
     D:2: 387 daAuts
     D:1: 195 daAuts
  Bailey: 64 daAuts
  Temple: 63 daAuts
